AoeStats
← Dr. Pruto

Nomad

505751380Analyzed
2v2 RM · 22d ago on Sep 10, 2026· 29m 39s· 4 players
Game mode
Random Map
Map size
176×176
Population
200
Speed
Normal
Resources
Standard
Victory
Conquest
Starting age
Dark Age
Ending age
Imperial Age
RankedLock teamsTeams togetherTeam positionsShared explorationLock speedFull tech treeHidden civsTurbo modeCheats
Victory
Defeat
🇬🇧 Koreans · United Kingdom
1168
+17
🇬🇧 Persians · United Kingdom
1168
+17
🇺🇸 Japanese · United States
1189
-17
🇺🇸 Bulgarians · United States
1184
-17
Kari Chokaro
13:29 Feudal Age
18:14 Castle Age
16:36 Fletching
16:57 Loom
18:19 Double-Bit Axe
22:25 Bodkin Arrow
IronMurph
5:40 Loom
13:58 Feudal Age
17:09 Fletching
21:41 Double-Bit Axe
28:13 Castle Age
28:07 Pikeman
29:41 Medium Warships
29:57 Scale Mail Armor
Dr. Pruto
11:47 Loom
13:57 Feudal Age
14:44 Double-Bit Axe
17:19 Forging
18:05 Scale Barding Armor
19:52 Horse Collar
27:46 Fletching
Pungus
10:49 Loom
14:07 Feudal Age
16:13 Fishing Lines
20:04 Double-Bit Axe
21:10 Gold Mining
21:31 Stone Mining
22:23 Wheelbarrow
Connection lost

Rejoining the realm…

Still unreachable

The connection could not be restored.

Session expired

The server has moved on; the page needs a fresh start.